 Dungeon Crawl Stone Soup version 0.32-a0-876-gcfddb08e57 (webtiles) character file.

Game seed: 11259991044693626285

2045 rvierbuc the Conjurer (level 8, 0/57 HPs)
             Began as a Demigod Conjurer on Apr 1, 2024.
             Slain by a killer bee (1 damage)
             ... on level 7 of the Dungeon.
             The game lasted 00:25:59 (7192 turns).

rvierbuc the Conjurer (Demigod Conjurer)            Turns: 7192, Time: 00:26:01

Health: 0/57       AC:  4    Str:  8    XL:     8   Next: 75%
Magic:  11/19      EV: 13    Int: 34    God:
Gold:   400        SH:  0    Dex: 12    Spells: 14/17 levels left

rFire   . . .        t - +1 short sword (venom)
rCold   . . .        (no shield)
rNeg    . . .        a - +0 robe
rPois   .            (no helmet)
rElec   .            f - +1 cloak
rCorr   .            (no gloves)
SInv    .            (no boots)
Will    +....        (no amulet)
Stlth   +++          g - ring of willpower
HPRegen 0.29/turn    s - +6 ring of intelligence
MPRegen 0.16/turn

%: no passive effects
@: lethally poisoned (0 -> -12)
A: high MP 1, forlorn, divine attributes
a: no special abilities


You were on level 7 of the Dungeon.
You visited 1 branch of the dungeon, and saw 9 of its levels.

You collected 400 gold pieces.

Inventory:

Hand Weapons
 t - a +1 short sword of venom (weapon)
Missiles
 n - 3 silver javelins
 A - a throwing net
Armour
 a - a +0 robe (worn)
 f - a +1 cloak (worn)
 p - a +0 kite shield
 F - a +1 scale mail of willpower
Jewellery
 g - a ring of willpower (left hand)
 h - a +6 ring of dexterity
 s - a +6 ring of intelligence (right hand)
 E - a ring of protection from fire
Scrolls
 d - 4 scrolls of teleportation
 k - a scroll of amnesia
 l - 3 scrolls of identify
 o - a scroll of enchant armour
 q - a scroll of revelation {unknown}
 r - a scroll of brand weapon {unknown}
 v - a scroll of immolation
 w - a scroll of enchant weapon
 x - 3 scrolls of silence
 y - a scroll of vulnerability
 B - a scroll of fog {unknown}
 D - a scroll of fear
Potions
 b - a potion of magic
 c - 2 potions of berserk rage
 e - 3 potions of curing {unknown}
 i - 2 potions of heal wounds
 j - a potion of mutation {unknown}
 m - a potion of cancellation {unknown}
 u - 2 potions of enlightenment
 z - a potion of haste
Miscellaneous
 C - a tin of tremorstones (2/2)


   Skills:
 + Level 5.7 Dodging
 + Level 6.1 Stealth
 + Level 5.2 Spellcasting
 + Level 6.5 Conjurations


You had 14 spell levels left.
You knew the following spells:

 Your Spells              Type           Power      Damage    Failure   Level
a - Magic Dart            Conj           100%       1d8       1%          1
b - Searing Ray           Conj           100%       2d8       1%          2

Your spell library contained the following spells:

 Spells                   Type           Power      Damage    Failure   Level
 Fulminant Prism          Conj/Alch      15%        3d10      12%         4
 Iskenderun's Mystic Bla Conj/Tloc 31%            2d8        (+2d4     12%         4
 Animate Dead             Necr           8%         N/A       41%         4
 Haunt                    Necr/Summ      4%         N/A       100%        7
 Infestation              Necr           4%         N/A       100%        8


Dungeon Overview and Level Annotations

Branches:
Dungeon (9/15)             Temple (0/1) D:4
   Lair: D:8-11         Orc: D:9-12

Shops:
D:1 !   D:6 =


Innate Abilities, Weirdness & Mutations

You have an increased reservoir of magic. (+10% MP)
You shall have no god before yourself.
Your divine heritage dramatically boosts your attributes as you level up.


Message History

Aiming: Searing Ray (safe; 1% risk of failure)
Press: ? - help, Shift-Dir - straight line, f - killer bee
Aim: a killer bee (severely wounded, 65% to hit)
The searing ray hits the killer bee.
The killer bee is almost dead.
The searing ray misses the killer bee.
The searing ray hits the bullfrog.
The bullfrog is heavily wounded. (Press . to maintain the ray.)
You feel very sick. The killer bee stings you.
* * * LOW HITPOINT WARNING * * *
The killer bee barely misses you.
The killer bee stings you but does no damage.
The killer bee completely misses you.
The killer bee stings you but does no damage.
The killer bee closely misses you.
The searing ray hits the killer bee!
You kill the killer bee!
The searing ray hits the killer bee!
The killer bee is heavily wounded.
The searing ray hits the bullfrog!
The bullfrog is almost dead.
You feel sick. The killer bee barely misses you. x2
The killer bee stings you but does no damage.
The killer bee closely misses you.
The killer bee stings you but does no damage.
The searing ray hits the killer bee!
The killer bee is almost dead.
The searing ray misses the killer bee.
The searing ray misses the bullfrog.
You feel very sick.
The killer bee stings you but does no damage.
The killer bee completely misses you. The killer bee stings you.
* * * LOW HITPOINT WARNING * * *
The killer bee stings you.
* * * LOW HITPOINT WARNING * * *
You are more poisoned.
The killer bee poisons you! The killer bee stings you.
* * * LOW HITPOINT WARNING * * *
The killer bee stings you.
You die...

..........>.....# ###
................##..##
.................[.... #
...................# .#
..................# ..#
...(.............# ...#
..............#..# ...#
..............##y##....#.
...##..##....###@yyF.....
..........#### ##y###....
.............# .## .
....#######..# #.#
'####.....#..###.#
.#..#....)'...#..###.
.)..#.(...#..........
##.†##+#####.........
.#'##..# #.........


You could see a bullfrog and 4 killer bees.

Vanquished Creatures
  Grinder (D:3)
  The ghost of Chish the Sneak, an amateur NaAl of Fedhas (D:4)
  3 black bears (D:6)
  An ogre (D:4)
  A phantom (D:5)
  A kobold brigand (D:7)
  A bullfrog (D:8)
  2 scorpions
  2 killer bees (D:7)
  2 centaur zombies (D:4)
  5 hounds
  5 bombardier beetles
  A jelly (D:6)
  3 orc priests
  2 sleepcaps (D:6)
  4 orc wizards
  A howler monkey zombie (D:4)
  4 gnolls
  12 adders
  3 shadow imps
  A white imp (D:5)
  2 ufetubi (D:6)
  A dart slug (D:1)
  4 ribbon worms
  16 orcs
  4 bats
  4 endoplasms
  2 giant cockroaches (D:2)
  4 hobgoblins
  2 quokkas
  7 ball pythons
  3 frilled lizards (D:1)
  8 goblins
  12 kobolds
  5 rats
130 creatures vanquished.

Notes
Turn   | Place    | Note
-------+----------+-------------------------------------------
     0 | D:1      | rvierbuc the Demigod Conjurer began the quest for the Orb.
     0 | D:1      | Reached XP level 1. HP: 14/14 MP: 5/5
   416 | D:1      | Reached XP level 2. HP: 20/20 MP: 1/7
   488 | D:1      | Found Diyf Gua's Distillery.
  1052 | D:2      | Reached XP level 3. HP: 26/26 MP: 5/8
  1865 | D:3      | Reached XP level 4. HP: 19/33 MP: 2/10
  2271 | D:3      | Noticed Grinder
  2319 | D:2      | Learned a level 2 spell: Searing Ray
  2462 | D:3      | Reached XP level 5. HP: 38/38 MP: 8/11
  2709 | D:3      | Killed Grinder
  2710 | D:3      | Reached XP level 6. HP: 45/45 MP: 2/13
  3472 | D:4      | Reached skill level 5 in Conjurations
  3674 | D:4      | Found a staircase to the Ecumenical Temple.
  3867 | D:4      | Reached XP level 7. HP: 50/50 MP: 5/15
  4463 | D:4      | Found a runed translucent gate.
  4463 | D:4      | Found a runed translucent gate.
  4463 | D:4      | Found a runed translucent gate.
  4495 | D:4      | Noticed Chish's ghost (amateur NaAl)
  4686 | D:4      | Killed Chish's ghost
  4910 | D:5      | Entered Level 5 of the Dungeon
  4977 | D:5      | Reached skill level 5 in Stealth
  5050 | D:5      | Noticed a cacodemon
  5053 | D:5      | Noticed a hellwing
  5053 | D:5      | Noticed a smoke demon
  5238 | D:5      | Reached XP level 8. HP: 44/57 MP: 7/18
  5698 | D:6      | Reached skill level 5 in Dodging
  6190 | D:6      | Found Etullaer's Jewellery Shop.
  6514 | D:6      | Reached skill level 5 in Spellcasting
  6715 | D:6      | You fall into a shaft and drop 3 floors!
  7192 | D:7      | HP: 2/57 [killer bee (6)]
  7192 | D:7      | Slain by a killer bee

Illustrated notes

Levels and vault maps discovered:
D:1:      scummos_arrival_simple_fountains, layout_rooms, serial_shops,
          shop_coins, hellmonk_ecumenical_altar_inner_sanctum
D:2:      layout_rooms, minmay_puff
D:3:      layout_loops_ring, kiku_gazebo_pond_becter,
          mainiacjoe_overflow_tiny_flanked, uniq_grinder
D:4:      layout_loops_corners, temple_hall, gammafunk_ghost_necromancy,
          grunt_ministairs_13, amcnicky_mini_pool_small
D:5:      layout_rooms, makhleb_altar_promises_db
D:6:      layout_loops_ring, nicolae_overflow_crystal_walls,
          grunt_temple_overflow_forces_of_nature, trog_ov_bears_minmay,
          mainiacjoe_overflow_alcove_4, general_overflow_altar, serial_shops,
          nicolae_shop_advertising_works [nicolae_subvault_shop_adworks]
D:7:      corexii_shantytown, layout_layer_cave, cheibrodos_worm_habitat,
          lemuel_doored_altar
D:8:      kennysheep_kobold_camp, layout_basic,
          grunt_dithmenos_smoke_and_mirrors
D:9:      layout_loops_ring, lemuel_tele_altar, tgw_sif, lair_entry_dummy,
          minmay_sticks_and_stones

Skill      XL: |  1  2  3  4  5  6  7  8 |
---------------+-------------------------+-----
Stealth        | 2 3 4 5 6 |  6.1
Dodging        | 2 3 4 5 |  5.7
Spellcasting   | 2 3 4 5 |  5.2
Conjurations   | 4 5 6 |  6.5

Action                     |  1- 3 |  4- 6 |  7- 9 || total
---------------------------+-------+-------+-------++-------
  Melee: Unarmed           |     4 |       |       ||     4
         Short sword       |       |     4 |    16 ||    20
   Cast: Magic Dart        |    92 |    65 |    88 ||   245
         Searing Ray       |       |    13 |    31 ||    44
    Use: Scroll            |       |       |    11 ||    11
         Potion            |       |       |     7 ||     7
   Stab: Sleeping          |       |       |     1 ||     1
 Armour: Robe              |    11 |    15 |    76 ||   102
  Dodge: Dodged            |    16 |    13 |    64 ||    93

Table legend: (Time is in decaauts)
 A = Elapsed time spent in this place.
 B = Non-inter-level travel time spent in this place.
 C = Inter-level travel time spent in this place.
 D = Time resting spent in this place.
 E = Time spent auto-exploring this place.
 F = Levels seen in this place.
 G = Mean time per level.
                   A        B        C        D        E       F      G
               +--------+--------+--------+--------+--------+-----+--------+
         Total |   7175 |   6987 |    188 |    528 |   5498 |   9 |  797.2 |
       Dungeon |   7175 |   6987 |    188 |    528 |   5498 |   9 |  797.2 |
               +--------+--------+--------+--------+--------+-----+--------+

Top non-repeatable levels by time:
     D:4: 2005 daAuts
     D:3: 1122 daAuts
     D:6: 1030 daAuts
     D:2: 892 daAuts
     D:1: 874 daAuts
     D:5: 773 daAuts
     D:7: 276 daAuts
     D:8: 167 daAuts
     D:9: 31 daAuts
